 Dungeon Crawl Stone Soup version 0.22-a0-266-g5fdf0d7d63 (webtiles) character file.

82 Manul the Sneak (level 4, 0/51 HPs)
             Began as a Demonspawn Assassin on Mar 8, 2018.
             Succumbed to a worker ant's poison
             ... on level 2 of the Dungeon.
             The game lasted 00:01:39 (2126 turns).

Manul the Sneak (Demonspawn Assassin)               Turns: 2126, Time: 00:01:40

Health: 0/51       AC: 22    Str: 11    XL:     4   Next: 21%
Magic:  4/4        EV:  2    Int: 13    God:
Gold:   155        SH:  0    Dex: 15    Spells: 3/3 levels left

rFire    . . .     SeeInvis .   a - +2 dagger
rCold    . . .     Gourm    .   (no shield)
rNeg     + + +     Faith    .   (armour currently unavailable)
rPois    +         Spirit   .   (helmet currently unavailable)
rElec    .         Reflect  .   (cloak currently unavailable)
rCorr    .         Harm     .   (gloves currently unavailable)
MR       .....     NoTele   +   (boots currently unavailable)
Stlth    +++.......             (no amulet)
HPRegen  0.17/turn              (no ring)
MPRegen  0.09/turn              (no ring)

@: lethally poisoned (0 -> -1), tree-form
A: powered by pain 1
a: no special abilities


You were on level 2 of the Dungeon.
You were not hungry.
You were a tree.
You visited 1 branch of the dungeon, and saw 3 of its levels.

You collected 155 gold pieces.

Inventory:

Hand Weapons
 a - a +2 dagger (weapon)
 b - a +0 blowgun
Missiles
 e - 8 poisoned needles
 f - 2 curare-tipped needles
Armour
 c - a +0 robe (melded)
 d - a +0 cloak (melded)
Scrolls
 h - a scroll of amnesia {unknown}
 j - a scroll of fear {unknown}
 k - 2 scrolls of teleportation
 l - 2 scrolls of identify {unknown}
 m - a scroll of immolation {unknown}
Comestibles
 g - 4 rations
 i - a chunk of flesh


   Skills:
 + Level 2.4 Fighting
 + Level 2.4 Short Blades
 - Level 1.7 Throwing
 + Level 1.0 Dodging
 * Level 4.8 Stealth


You had 3 spell levels left.
You didn't know any spells.

Dungeon Overview and Level Annotations

Branches:
Dungeon (3/15)

Altars:


Innate Abilities, Weirdness & Mutations

((You have a pair of small horns on your head.))
You sometimes gain a little power by taking damage.


Message History

You feel sick.
* * * LOW HITPOINT WARNING * * *
You feel sick.
* * * LOW HITPOINT WARNING * * *
You feel sick.
* * * LOW HITPOINT WARNING * * *
You feel sick.
* * * LOW HITPOINT WARNING * * *
You feel sick.
* * * LOW HITPOINT WARNING * * *
You feel sick.
* * * LOW HITPOINT WARNING * * *
You feel sick.
* * * LOW HITPOINT WARNING * * *
You feel sick.
* * * LOW HITPOINT WARNING * * *
You feel sick.
* * * LOW HITPOINT WARNING * * *
You feel sick.
You die...

#..)....# #.# #.#.
#)#####.# #.###.#. #.#
#.# #.....#. #.#
###############. #.#
#...............
######.###.#############.
#........#.# #.
#.####.#.#.# #.
#.##...#♣#.# #.
#.###..#.#.# #. #.#
#>.#.#.# #. #.# #..#.#.#
#######. #.# #.##.#.#
#....... #.# #....#.#
#.###### ##.########.#
#.# # #...........# #.# #
############# #.# #


There were no monsters in sight!

Vanquished Creatures
  A worker ant (D:2)
  2 adders (D:2)
  A worm (D:2)
  2 giant cockroaches
  4 goblins
  8 hobgoblins
  3 jackals (D:2)
  10 kobolds
  A ball python (D:3)
  A bat (D:1)
  A frilled lizard (D:2)
  A rat (D:1)
35 creatures vanquished.

Notes
Turn   | Place    | Note
-------+----------+-------------------------------------------
     0 | D:1      | Manul the Demonspawn Assassin began the quest for the Orb.
     0 | D:1      | Reached XP level 1. HP: 16/16 MP: 1/1
   297 | D:1      | Gained mutation: You have a pair of small horns on your head. [demonic ancestry]
   297 | D:1      | Reached XP level 2. HP: 14/22 MP: 2/2
   543 | D:1      | Reached skill level 4 in Stealth
   784 | D:2      | Reached skill level 1 in Dodging
  1173 | D:2      | Reached XP level 3. HP: 27/27 MP: 3/3
  2104 | D:2      | Gained mutation: You sometimes gain a little power by taking damage. [demonic ancestry]
  2104 | D:2      | Reached XP level 4. HP: 8/34 MP: 4/4
  2114 | D:2      | HP: 2/51 [poisoned by a worker ant]
  2119 | D:2      | HP: 1/51 [poisoned by a worker ant]
  2126 | D:2      | Succumbed to a worker ant's poison

Vault maps used:
D:1:      nzn_arrival_settlement
D:3:      chequers_temple_overflow_minitemple, uniq_crazy_yiuf_cottage

Skill      XL: |  1  2 |
---------------+-------+-----
Stealth        | 4 |  4.8
Dodging        | 1 |  1.0
Short Blades   | 2 |  2.4
Fighting       | |  2.4
Throwing       | |  1.7

Action                   |  1- 3 |  4- 6 || total
-------------------------+-------+-------++-------
Melee: Dagger            |   101 |       ||   101
       Headbutt          |    12 |       ||    12
  Use: Potion            |     3 |       ||     3
       Scroll            |     1 |       ||     1
 Stab: Sleeping          |    10 |       ||    10
  Eat: Chunk             |     4 |       ||     4
Armor: Robe              |    21 |       ||    21
Dodge: Dodged            |    46 |       ||    46

Table legend:
 A = Spawn XP
 B = Non-spawn XP
 C = Spawn XP percentage of total XP
 D = Spawn monster count
 E = Non-spawn monster count
 F = Spawn count percentage of total count
 G = Total turns spent on level
                    A         B        C        D         E        F      G
               +---------+---------+-------+---------+---------+-------+---------
         Total |       0 |     118 |   0.0 |       0 |      35 |   0.0 |  2126
               +---------+---------+-------+---------+---------+-------+---------
           D:1 |       0 |      18 |   0.0 |       0 |      11 |   0.0 |   730
           D:2 |       0 |      97 |   0.0 |       0 |      22 |   0.0 |  1277
           D:3 |       0 |       3 |   0.0 |       0 |       2 |   0.0 |   119
               +---------+---------+-------+---------+---------+-------+---------
